 Dungeon Crawl Stone Soup version 0.27-a0-1200-g94dc6ad4cf (webtiles) character file.

Game seed: 709156340695340686

212 Shayle the Skirmisher (level 5, -1/57 HPs)
             Began as an Ogre Warper on June 1, 2021.
             Slain by an orc wizard
             ... wielding a +0 dagger
              (3 damage)
             ... on level 4 of the Dungeon.
             The game lasted 00:08:56 (3907 turns).

Shayle the Skirmisher (Ogre Warper)                 Turns: 3907, Time: 00:08:57

Health: -1/57      AC:  3    Str: 15    XL:     5   Next: 90%
Magic:  8/8        EV: 10    Int: 15    God:
Gold:   95         SH:  0    Dex:  8    Spells: 3/8 levels left

rFire    . . .     SeeInvis .   f - +2 dagger (venom)
rCold    . . .     Faith    .   (no shield)
rNeg     . . .     Spirit   .   b - +0 robe
rPois    .         Reflect  .   (helmet restricted)
rElec    .         Harm     .   (no cloak)
rCorr    .         Rampage  .   (gloves unavailable)
Will     +....                  (boots unavailable)
Stlth    +.........             (no amulet)
HPRegen  0.19/turn              c - ring of willpower
MPRegen  0.11/turn              (no ring)

@: no status effects
A: large, unfitting armour, tough skin 1
a: no special abilities


You were on level 4 of the Dungeon.
You visited 1 branch of the dungeon, and saw 4 of its levels.

You collected 95 gold pieces.

Inventory:

Hand Weapons
 a - a +0 mace
 f - a +2 dagger of venom (weapon)
 n - a +0 hand axe of venom
Missiles
 e - a boomerang of dispersal (quivered)
 k - 2 boomerangs
Armour
 b - a +0 robe (worn)
Jewellery
 c - a ring of willpower (left hand)
Scrolls
 d - 3 scrolls of blinking
 h - 2 scrolls of identify
 l - 2 scrolls of teleportation
Potions
 g - a potion of might {unknown}
 i - a potion of degeneration
 j - a potion of mutation
 m - 2 potions of flight


   Skills:
 + Level 5.0 Fighting
 + Level 3.4 Maces & Flails
 - Level 1.0 Throwing
 + Level 3.5 Dodging
 - Level 2.4 Spellcasting
 - Level 2.6 Translocations


You had 3 spell levels left.
You knew the following spells:

 Your Spells              Type           Power      Damage    Failure   Level
a - Blink                 Tloc           N/A        N/A       11%         2
b - Teleport Other        Tloc           9%         N/A       22%         3

Your spell library contained the following spells:

 Spells                   Type           Power      Damage    Failure   Level
 Apportation              Tloc           18%        N/A       7%          1
 Animate Skeleton         Necr           2%         N/A       22%         1
 Corona                   Hex            1%         N/A       22%         1
 Summon Small Mammal      Summ           4%         N/A       22%         1
 Gell's Gravitas          Tloc           4%         N/A       22%         3
 Lesser Beckoning         Tloc           4%         N/A       22%         3
 Manifold Assault         Tloc           9%         N/A       89%         5


Dungeon Overview and Level Annotations

Branches:
Dungeon (4/15)
 Temple: D:4-7

Altars:
Kikubaaqudgha
Yredelemnul

Shops:
D:3 *


Innate Abilities, Weirdness & Mutations

You are too large for most types of armour.
You have tough skin. (AC +1)


Message History

The boomerang of dispersal hits the orc warrior.
The orc warrior blinks!
An orc wizard comes into view. It is wielding a +0 dagger.
Unknown command.
You hit the orc.
The orc is poisoned.
The orc is moderately wounded.
The orc closely misses you.
You hit the orc.
The orc looks even sicker.
The orc is heavily wounded.
You hit the orc.
The orc is severely wounded.
You kill the orc!
Your Fighting skill increases to level 5!
The orc warrior misses you.
The orc wizard hits you with a +0 dagger.
You hit the orc warrior but do no damage.
The orc warrior is poisoned.
The orc warrior is lightly wounded.
The orc warrior hits you with a +0 halberd!
The orc wizard hits you with a +0 dagger.
Unknown command.
You hit the orc warrior but do no damage.
The orc warrior looks as sick as possible!
The orc warrior is lightly wounded.
The orc warrior hits you with a +0 halberd!
The orc wizard hits you with a +0 dagger.
Unknown command.
You hit the orc warrior but do no damage.
The orc warrior looks as sick as possible!
The orc warrior is lightly wounded.
The orc warrior hits you with a +0 halberd!
The orc wizard hits you with a +0 dagger.
Unknown command.
You hit the orc warrior but do no damage.
The orc warrior looks as sick as possible!
The orc warrior is moderately wounded.
The orc warrior hits you with a +0 halberd!
* * * LOW HITPOINT WARNING * * *
The orc wizard hits you with a +0 dagger.
You die...

........ ........ ##
.......# +#.. .......#
..... .....### .....
.....#......
#####.#.#......
###.....)<)......
#........@.......
###########....oo.......
......................##
..#...#...#.......#####
..................#
..#...#...#.......#
....................
###########..........
...........


You could see an orc warrior (extremely poisoned) and an orc wizard.

Vanquished Creatures
  2 orc priests (D:3)
  An orc wizard (D:3)
  6 adders
  A worm (D:3)
  2 dart slugs
  6 orcs
  8 ball pythons
  5 endoplasms
  3 giant cockroaches
  3 goblins
  5 hobgoblins
  3 quokkas
  5 bats
  A frilled lizard (D:3)
  7 kobolds
  6 rats
64 creatures vanquished.

Notes
Turn   | Place    | Note
-------+----------+-------------------------------------------
     0 | D:1      | Shayle the Ogre Warper began the quest for the Orb.
     0 | D:1      | Reached XP level 1. HP: 22/22 MP: 3/3
    38 | D:1      | Found a faded altar of an unknown god.
   296 | D:1      | Reached skill level 3 in Fighting
   302 | D:1      | Reached XP level 2. HP: 14/31 MP: 5/5
  1047 | D:1      | Reached XP level 3. HP: 37/37 MP: 6/6
  1742 | D:2      | Reached XP level 4. HP: 47/48 MP: 7/7
  2203 | D:2      | Reached skill level 4 in Fighting
  2742 | D:3      | Found an ancient bone altar of Kikubaaqudgha.
  3151 | D:3      | Reached XP level 5. HP: 52/55 MP: 8/8
  3170 | D:3      | Learned a level 2 spell: Blink
  3174 | D:3      | Learned a level 3 spell: Teleport Other
  3329 | D:3      | Found Eschuhaa's General Store.
  3714 | D:4      | Found a basalt altar of Yredelemnul.
  3736 | D:4      | Noticed an orc warrior
  3903 | D:4      | Reached skill level 5 in Fighting
  3907 | D:4      | HP: 2/57 [orc warrior/+0 halberd (16)]
  3907 | D:4      | Slain by an orc wizard

Illustrated notes

Levels and vault maps discovered:
D:1:      giann_wishing_wells, layout_loops_cross,
          hellmonk_ecumenical_altar_arch_garden
D:2:      layout_loops_cross
D:3:      layout_loops_ring, overflow_temple_1_default, serial_shops, shop
D:4:      layout_basic, lemuel_coloured_pillars_altar,
          overflow_temple_1_default, amethyst_overflow_temple_binary,
          gup_sewer_entry_spiral, uniq_natasha, uniq_ijyb

Skill      XL: |  1  2  3  4  5 |
---------------+----------------+-----
Fighting       | 3 4 5 |  5.0
Maces & Flails | 2 3 |  3.4
Dodging        | 3 |  3.5
Throwing       | |  1.0
Spellcasting   | |  2.4
Translocations | |  2.6

Action                   |  1- 3 |  4- 6 || total
-------------------------+-------+-------++-------
Melee: Mace              |    53 |       ||    53
       Dagger            |    50 |   110 ||   160
Throw: Boomerang         |       |     4 ||     4
  Use: Scroll            |     1 |     7 ||     8
 Stab: Sleeping          |     2 |       ||     2
Armor: Robe              |    43 |    20 ||    63
Dodge: Dodged            |    59 |    52 ||   111

Table legend: (Time is in decaauts)
 A = Elapsed time spent in this place.
 B = Non-inter-level travel time spent in this place.
 C = Inter-level travel time spent in this place.
 D = Time resting spent in this place.
 E = Time spent auto-exploring this place.
 F = Levels seen in this place.
 G = Mean time per level.
                   A        B        C        D        E       F      G
               +--------+--------+--------+--------+--------+-----+--------+
         Total |   3927 |   3838 |     89 |   1051 |   2135 |   4 |  981.8 |
       Dungeon |   3927 |   3838 |     89 |   1051 |   2135 |   4 |  981.8 |
               +--------+--------+--------+--------+--------+-----+--------+

Top non-repeatable levels by time:
     D:1: 1449 daAuts
     D:3: 1361 daAuts
     D:2: 1038 daAuts
     D:4: 77 daAuts
